 Dungeon Crawl Stone Soup version 0.28-a0-683-ga8797d1ae1 (webtiles) character file.

Game seed: 4930389119032783941

420 shoop the Cudgeller (level 6, 0/66 HPs)
             Began as an Ogre Fighter on Oct 18, 2021.
             Slain by an orc (3 damage)
             ... on level 4 of the Dungeon.
             The game lasted 00:09:41 (5450 turns).

shoop the Cudgeller (Ogre Fighter)                  Turns: 5450, Time: 00:09:42

Health: 0/66       AC:  6    Str: 21    XL:     6   Next: 94%
Magic:  6/6        EV:  8    Int: 11    God:
Gold:   180        SH:  7    Dex:  6    Spells: 5/5 levels left

rFire   . . .      SeeInvis .   a - +0 flail
rCold   + . .      Faith    .   c - +0 kite shield
rNeg    . . .      Spirit   .   b - +0 robe
rPois   .          Reflect  .   (helmet restricted)
rElec   .          Harm     .   j - +2 cloak
rCorr   .          Rampage  .   (gloves unavailable)
Will    .....                   (boots unavailable)
Stlth   +.........              (no amulet)
HPRegen 0.21/turn               g - ring of protection from cold
MPRegen 0.10/turn               (no ring)

@: mighty, flying
A: large, unfitting armour, tough skin 1, claws 1, clumsy 1
a: no special abilities


You were on level 4 of the Dungeon.
You visited 1 branch of the dungeon, and saw 4 of its levels.
You also visited: Ossuary.

You collected 180 gold pieces.

Inventory:

Hand Weapons
 a - a +0 flail (weapon)
Missiles
 h - 39 stones (quivered)
 m - 4 large rocks
 q - 16 poisoned darts
Armour
 b - a +0 robe (worn)
 c - a +0 kite shield (worn)
 j - a +2 cloak (worn)
Jewellery
 g - a ring of protection from cold (left claw)
Scrolls
 f - a scroll of magic mapping {unknown}
 i - 3 scrolls of immolation
 k - 2 scrolls of enchant armour
 l - 2 scrolls of blinking
 p - 2 scrolls of noise {unknown}
 u - a scroll of enchant weapon {unknown}
 v - a scroll of fear {unknown}
Potions
 e - a potion of curing {unknown}
 n - 2 potions of magic {unknown}
 o - a potion of brilliance {unknown}
 r - a potion of mutation
 s - a potion of flight
 t - a potion of haste
 w - a potion of berserk rage {unknown}
 x - a potion of resistance {unknown}
 z - a potion of lignification {unknown}


   Skills:
 - Level 5.0 Fighting
 * Level 5.1 Maces & Flails
 + Level 2.0 Throwing
 - Level 3.2 Dodging
 - Level 3.2 Shields


You had 5 spell levels left.
You didn't know any spells.
Your spell library was empty.

Dungeon Overview and Level Annotations

Branches:
Dungeon (4/15)            Ossuary (visited)
 Temple: D:4-7

Altars:
Makhleb


Innate Abilities, Weirdness & Mutations

You are too large for most types of armour.
You have tough skin. (AC +1)
You have sharp fingernails.
You are clumsy. (Dex -2)


Message History

Save game and exit?
Welcome back, shoop the Ogre Fighter.
Press ? for a list of commands and other information.
You feel very mighty all of a sudden. The orc priest barely misses you.
You sock the orc priest!
You kill the orc priest!
Your Maces & Flails skill increases to level 5!
Deactivating autopickup; reactivate with Ctrl-A.
You closely miss something. Something hits you but does no damage.
You miss something. Something hits you but does no damage. Something hits you.
* * * LOW HITPOINT WARNING * * *
You miss something. Something hits you.
* * * LOW HITPOINT WARNING * * *
You thump something!
You hear some strange, mumbled words.
A magic dart appears from out of thin air!
The magic dart hits you!
* * * LOW HITPOINT WARNING * * *
You hit something. Something hits you.
* * * LOW HITPOINT WARNING * * *
You hear some strange, mumbled words.
A magic dart appears from out of thin air!
The magic dart hits you.
* * * LOW HITPOINT WARNING * * *
It was a potion of mutation.
You feel extremely strange.
You feel clumsy.
Your fingernails lengthen.
Something hits you but does no damage.
It was a potion of flight.
You feel very buoyant.
You fly up into the air.
You hear some strange, mumbled words.
Something tries to affect you, but you resist.
You barely miss something. Something hits you but does no damage.
You bludgeon something!!
Reactivating autopickup.
You feel a bit more experienced.
Your Throwing skill increases to level 2!
You barely miss the orc. The orc hits you with a +0 flail.
You die...

.# ♣≈...≈ .# #.... .# ##..O .#
#... .# #..# .#### ♣.O#####
....♣♣♣♣♣♣♣♣o..oO# ###
...♣♣≈≈♣♣≈≈♣♣###o# #..
..♣P≈≈≈≈≈≈≈≈♣≈##@# #..
...≈≈≈≈≈PP≈≈≈♣♣≈.# #..
............≈≈≈♣.# # #..
.................#.# #..
≈P≈...≈............# ######.#..
≈≈≈≈≈≈≈≈P≈.P.♣.[...# #....#.#..
≈≈≈≈≈≈≈≈≈≈≈≈≈≈.#...#####....#.#.<
≈≈≈≈≈≈≈≈≈P≈≈♣#.#......##....#.#.#
♣≈≈≈≈≈≈≈≈P≈♣##.#..###.##....#.#..


You could see an ogre and 2 orcs.

Vanquished Creatures
  A hound (D:4)
  2 orc priests
  A bullfrog skeleton (D:4)
  Terence (D:2)
  An orc wizard (D:4)
  A killer bee zombie (D:4)
  3 mummies (Ossuary)
  5 gnolls
  3 adders
  2 adder zombies (Ossuary)
  A worm (D:2)
  2 dart slugs
  11 orcs
  5 bats
  6 endoplasms
  3 giant cockroaches
  6 goblins
  7 hobgoblins
  6 jackals
  5 quokkas
  7 ball pythons
  5 frilled lizards
  3 goblin zombies (Ossuary)
  5 hobgoblin zombies (Ossuary)
  2 kobolds
  2 kobold zombies (Ossuary)
  2 quokka zombies (Ossuary)
  7 rats
  4 rat zombies (Ossuary)
109 creatures vanquished.

Vanquished Creatures (others)
  24 plants
24 creatures vanquished.

Grand Total: 133 creatures vanquished

Notes
Turn   | Place    | Note
-------+----------+-------------------------------------------
     0 | D:1      | shoop the Ogre Fighter began the quest for the Orb.
     0 | D:1      | Reached XP level 1. HP: 24/24 MP: 1/1
   446 | D:1      | Reached XP level 2. HP: 27/32 MP: 2/2
  1609 | D:2      | Reached XP level 3. HP: 30/39 MP: 3/3
  2914 | D:2      | Reached XP level 4. HP: 12/49 MP: 4/4
  3444 | D:3      | Reached XP level 5. HP: 44/55 MP: 5/5
  3622 | D:3      | Found a burning altar of Makhleb.
  3887 | D:2      | Found a faded altar of an unknown god.
  3908 | D:2      | Noticed Terence
  3918 | D:2      | Killed Terence
  4524 | D:4      | Reached skill level 5 in Fighting
  4524 | D:4      | Reached XP level 6. HP: 34/66 MP: 6/6
  4531 | D:4      | Reached skill level 1 in Throwing
  4764 | D:4      | Found a sand-covered staircase.
  4821 | Ossuary  | Entered an ossuary
  5441 | D:4      | Reached skill level 5 in Maces & Flails
  5445 | D:4      | HP: 2/66 [something/magic dart (4)]
  5446 | D:4      | Gained mutation: You are clumsy. (Dex -2) [potion of
                  | mutation]
  5446 | D:4      | Gained mutation: You have sharp fingernails. [potion of
                  | mutation]
  5450 | D:4      | Slain by an orc

Illustrated notes

Levels and vault maps discovered:
D:1:      matt_arrival_grand_opening, layout_basic, minmay_splitting_lines
D:2:      layout_loops_cross, ebering_ecumenical_altar_mist, serial_bayou,
          serial_bayou_shore_a, serial_bayou_lake_a, serial_bayou_pond_e,
          serial_bayou_lagoon_a, roderic_serpentine_path, grunt_decor_junction,
          minmay_close_crescents, uniq_terence
D:3:      layout_loops_ring, nicolae_overflow_crystal_walls
D:4:      layout_basic, serial_bayou, serial_bayou_pond_e, serial_bayou_shore_b,
          serial_bayou_crossing, serial_bayou_ford_a,
          nicolae_ossuary_entry_monument, chequers_serial_rivers_large_a

Skill      XL: |  1  2  3  4  5  6 |
---------------+-------------------+-----
Maces & Flails | 2 3 4 5 |  5.1
Dodging        | 3 |  3.2
Shields        | 3 |  3.2
Fighting       | 5 |  5.0
Throwing       | 2 |  2.0

Action                   |  1- 3 |  4- 6 || total
-------------------------+-------+-------++-------
Melee: Flail             |   159 |   231 ||   390
Throw: Stone             |       |    22 ||    22
  Use: Potion            |       |     4 ||     4
       Scroll            |       |     3 ||     3
Armor: Robe              |    54 |    76 ||   130
Dodge: Dodged            |    74 |   100 ||   174
Block: Kite shield       |    55 |    74 ||   129

Table legend: (Time is in decaauts)
 A = Elapsed time spent in this place.
 B = Non-inter-level travel time spent in this place.
 C = Inter-level travel time spent in this place.
 D = Time resting spent in this place.
 E = Time spent auto-exploring this place.
 F = Levels seen in this place.
 G = Mean time per level.
                   A        B        C        D        E       F      G
               +--------+--------+--------+--------+--------+-----+--------+
         Total |   5717 |   5618 |     99 |    422 |   3916 |   5 | 1143.4 |
       Dungeon |   5300 |   5201 |     99 |    422 |   3699 |   4 | 1325.0 |
       Ossuary |    417 |    417 |      0 |      0 |    217 |   1 |  417.0 |
               +--------+--------+--------+--------+--------+-----+--------+

Top non-repeatable levels by time:
     D:2: 1960 daAuts
     D:1: 1400 daAuts
     D:3: 1121 daAuts
     D:4: 817 daAuts
 Ossuary: 417 daAuts
